| TOP OF THE 1ST |
|
Arkansas Travelers batting - Pitching for Erie SeaWolves : RHP Dan Keener
|
|
Pitching: RHP Dan Keener
|
|
|
Batting: RHB Ricky Mejicanos
|
0-0: Foul Ball, location: 2F 0-1: Called Strike 0-2: Strikes out swinging
|
|
Batting: LHB Dave Hicks
|
0-0: Fly out, F1 (Line Drive, P, EV 71.2 MPH)
|
|
Batting: RHB Kyler Seitz
|
0-0: Called Strike 0-1: Ball 1-1: Ball 2-1: Foul Ball, location: 2F 2-2: Ball 3-2: Base on Balls
|
|
Batting: RHB Nick Lombardo
|
0-0: Called Strike 0-1: Fielders Choice at 2nd, 5-4 (Groundball, 56, EV 78.8 MPH)
|
| Top of the 1st over - 0 runs, 0 hits, 0 errors, 1 left on base; Arkansas 0 - Erie 0 |
| BOTTOM OF THE 1ST |
|
Erie SeaWolves batting - Pitching for Arkansas Travelers : RHP Juan Hernandez
|
|
Pitching: RHP Juan Hernandez
|
|
|
Batting: RHB Janne Vihko
|
0-0: Ball 1-0: Foul Ball, location: 2F 1-1: Foul Ball, location: 2F 1-2: Foul Ball, location: 2F 1-2: Foul Ball, location: 2F 1-2: Strikes out looking
|
|
Batting: RHB Norm Wood
|
0-0: Called Strike 0-1: Ball 1-1: Foul Ball, location: 2F 1-2: Strikes out swinging
|
|
Batting: RHB Eric Angelle
|
0-0: DOUBLE (Flyball, 8RXD, EV 106.2 MPH)
|
|
Batting: RHB Benny O'Connor
|
0-0: Called Strike 0-1: Called Strike 0-2: Ball 1-2: Strikes out swinging
|
| Bottom of the 1st over - 0 runs, 1 hit, 0 errors, 1 left on base; Arkansas 0 - Erie 0 |
| TOP OF THE 2ND |
|
Arkansas Travelers batting - Pitching for Erie SeaWolves : RHP Dan Keener
|
|
Batting: RHB Kinya Nishimura
|
0-0: Ground out U3 (Groundball, 3L, EV 83.1 MPH)
|
|
Batting: RHB T.J. Gray
|
0-0: Foul Ball, location: 2F 0-1: Called Strike 0-2: Ground out 4-3 (Groundball, 4S, EV 68.1 MPH)
|
|
Batting: LHB Alberto Carrillo
|
0-0: Foul Ball, location: 2F 0-1: Ball 1-1: SINGLE (Groundball, 25, EV 70.0 MPH) (infield hit)
|
|
Batting: RHB Ryan Pelletier
|
0-0: Ball 1-0: Ball 2-0: SINGLE (Groundball, 34, EV 95.6 MPH) Alberto Carrillo to second Runner from 2nd tries for 3rd, SAFE, no throw by RF
|
|
Batting: SHB Tim Connell
|
0-0: Ball Ryan Pelletier steals 2nd, throwing error, E2 Alberto Carrillo scores Ryan Pelletier to third 1-0: Fly out, F8 (Flyball, 8RM, EV 80.6 MPH)
|
| Top of the 2nd over - 1 run, 2 hits, 1 error, 1 left on base; Arkansas 1 - Erie 0 |
| BOTTOM OF THE 2ND |
|
Erie SeaWolves batting - Pitching for Arkansas Travelers : RHP Juan Hernandez
|
|
Batting: LHB Afanasy Zasekin
|
0-0: Swinging Strike 0-1: Swinging Strike 0-2: Ball 1-2: Ball 2-2: Strikes out swinging
|
|
Batting: LHB Jamie Christian
|
0-0: Ball 1-0: Called Strike 1-1: Called Strike 1-2: Ground out U3 (Groundball, 34, EV 76.9 MPH)
|
|
Batting: RHB German Quiroga
|
0-0: Ball 1-0: Ball 2-0: Ball 3-0: Base on Balls
|
|
Batting: LHB George Moran
|
0-0: Ball 1-0: Ball Wild Pitch! German Quiroga to second 2-0: Ball 3-0: Base on Balls
|
|
Batting: SHB Chris Wagler
|
0-0: Called Strike 0-1: Foul Ball, location: 2F 0-2: Ball 1-2: Foul Ball, location: 2F 1-2: Ball 2-2: Strikes out swinging
|
| Bottom of the 2nd over - 0 runs, 0 hits, 0 errors, 2 left on base; Arkansas 1 - Erie 0 |
| TOP OF THE 3RD |
|
Arkansas Travelers batting - Pitching for Erie SeaWolves : RHP Dan Keener
|
|
Batting: RHB Ricky Mejicanos
|
0-0: Ball 1-0: Ball 2-0: Swinging Strike 2-1: Foul Ball, location: 2F 2-2: Ball 3-2: DOUBLE (Flyball, 78D, EV 110.0 MPH)
|
|
Batting: LHB Dave Hicks
|
0-0: Foul Ball, location: 2F 0-1: Swinging Strike 0-2: Ball 1-2: Foul Ball, location: 2F 1-2: Ball 2-2: Ball 3-2: Strikes out swinging
|
|
Batting: RHB Kyler Seitz
|
0-0: Called Strike 0-1: Ball 1-1: Called Strike 1-2: Strikes out swinging
|
|
Batting: RHB Nick Lombardo
|
0-0: Ball 1-0: Called Strike 1-1: Called Strike 1-2: SINGLE (Groundball, 56D, EV 103.1 MPH) Ricky Mejicanos to third Runner from 3rd tries for Home, throw by LF and OUT! 7-2
|
| Top of the 3rd over - 0 runs, 2 hits, 0 errors, 1 left on base; Arkansas 1 - Erie 0 |
| BOTTOM OF THE 3RD |
|
Erie SeaWolves batting - Pitching for Arkansas Travelers : RHP Juan Hernandez
|
|
Batting: RHB Janne Vihko
|
0-0: Ground out 6-3 (Groundball, 6, EV 86.2 MPH)
|
|
Batting: RHB Norm Wood
|
0-0: Ball 1-0: Fly out, F7 (Line Drive, 7S, EV 93.8 MPH)
|
|
Batting: RHB Eric Angelle
|
0-0: Foul Ball, location: 2F 0-1: Ball 1-1: SINGLE (Groundball, 6D, EV 106.2 MPH)
|
|
Batting: RHB Benny O'Connor
|
0-0: Ball 1-0: Ball 2-0: Called Strike 2-1: Foul Ball, location: 2F 2-2: Ground out 4-3 (Groundball, 4, EV 77.5 MPH)
|
| Bottom of the 3rd over - 0 runs, 1 hit, 0 errors, 1 left on base; Arkansas 1 - Erie 0 |
| TOP OF THE 4TH |
|
Arkansas Travelers batting - Pitching for Erie SeaWolves : RHP Dan Keener
|
|
Batting: RHB Kinya Nishimura
|
0-0: Ball 1-0: Called Strike 1-1: Ground out 6-3 (Groundball, 56, EV 86.2 MPH)
|
|
Batting: RHB T.J. Gray
|
0-0: Swinging Strike 0-1: Called Strike 0-2: Ground out 1-3 (Groundball, 34S, EV 63.1 MPH)
|
|
Batting: LHB Alberto Carrillo
|
0-0: Swinging Strike 0-1: Ground out 2-3 (Groundball, 13S, EV 69.4 MPH)
|
| Top of the 4th over - 0 runs, 0 hits, 0 errors, 0 left on base; Arkansas 1 - Erie 0 |
| BOTTOM OF THE 4TH |
|
Erie SeaWolves batting - Pitching for Arkansas Travelers : RHP Juan Hernandez
|
|
Batting: LHB Afanasy Zasekin
|
0-0: Called Strike 0-1: Foul Ball, location: 2F 0-2: Strikes out swinging
|
|
Batting: LHB Jamie Christian
|
0-0: Called Strike 0-1: Swinging Strike 0-2: Foul Ball, location: 2F 0-2: Ball 1-2: Strikes out swinging
|
|
Batting: RHB German Quiroga
|
0-0: Swinging Strike 0-1: Called Strike 0-2: Ball 1-2: Foul Ball, location: 5F, Error on foul ball, E5 1-2: Strikes out swinging
|
| Bottom of the 4th over - 0 runs, 0 hits, 1 error, 0 left on base; Arkansas 1 - Erie 0 |
| TOP OF THE 5TH |
|
Arkansas Travelers batting - Pitching for Erie SeaWolves : RHP Dan Keener
|
|
Batting: RHB Ryan Pelletier
|
0-0: Ball 1-0: Swinging Strike 1-1: Fly out, F8 (Flyball, 78M, EV 93.8 MPH)
|
|
Batting: SHB Tim Connell
|
0-0: Foul Ball, location: 2F 0-1: Foul Ball, location: 2F 0-2: Foul Ball, location: 2F 0-2: Ball 1-2: Ground out 3-1 (Groundball, 34, EV 93.8 MPH)
|
|
Batting: RHB Ricky Mejicanos
|
0-0: Foul Ball, location: 2F 0-1: Foul Ball, location: 2F 0-2: Ball 1-2: Strikes out swinging
|
| Top of the 5th over - 0 runs, 0 hits, 0 errors, 0 left on base; Arkansas 1 - Erie 0 |
| BOTTOM OF THE 5TH |
|
Erie SeaWolves batting - Pitching for Arkansas Travelers : RHP Juan Hernandez
|
|
Batting: LHB George Moran
|
0-0: Called Strike 0-1: Ground out U3 (Groundball, 3, EV 89.4 MPH)
|
|
Batting: SHB Chris Wagler
|
0-0: Swinging Strike 0-1: Ground out 5-3 (Groundball, 5, EV 81.9 MPH)
|
|
Batting: RHB Janne Vihko
|
0-0: Foul Ball, location: 2F 0-1: SINGLE (Groundball, 6MD, EV 104.4 MPH)
|
|
Batting: RHB Norm Wood
|
0-0: Ball Janne Vihko steals 2nd base (no throw) 1-0: SINGLE (Line Drive, 7S, EV 105.6 MPH) Janne Vihko to third
|
|
Batting: RHB Eric Angelle
|
0-0: Called Strike 0-1: Called Strike 0-2: Foul Ball, location: 2F 0-2: Ball 1-2: DOUBLE (Line Drive, 7LS, EV 107.5 MPH) Janne Vihko scores Norm Wood to third Runner from 3rd tries for Home, SAFE, throw by LF to home
|
|
Batting: RHB Benny O'Connor
|
0-0: Called Strike 0-1: Ball 1-1: Foul Ball, location: 2F 1-2: Ball 2-2: Ball 3-2: Foul Ball, location: 2F 3-2: Foul Ball, location: 2F 3-2: Strikes out looking
|
| Bottom of the 5th over - 2 runs, 3 hits, 0 errors, 1 left on base; Arkansas 1 - Erie 2 |
| TOP OF THE 6TH |
|
Arkansas Travelers batting - Pitching for Erie SeaWolves : RHP Dan Keener
|
|
Batting: LHB Dave Hicks
|
0-0: Fly out, F8 (Flyball, 89M, EV 81.2 MPH)
|
|
Batting: RHB Kyler Seitz
|
0-0: Ball 1-0: Swinging Strike 1-1: Called Strike 1-2: Strikes out swinging
|
|
Batting: RHB Nick Lombardo
|
0-0: Swinging Strike 0-1: Called Strike 0-2: Foul Ball, location: 2F 0-2: Strikes out swinging
|
| Top of the 6th over - 0 runs, 0 hits, 0 errors, 0 left on base; Arkansas 1 - Erie 2 |
| BOTTOM OF THE 6TH |
|
Erie SeaWolves batting - Pitching for Arkansas Travelers : RHP Juan Hernandez
|
|
Pitching: RHP Jason Smallwood
|
|
|
Batting: LHB Afanasy Zasekin
|
0-0: Foul Ball, location: 2F 0-1: Foul Ball, location: 2F 0-2: Strikes out looking
|
|
Batting: LHB Jamie Christian
|
0-0: Ball 1-0: Ball 2-0: Called Strike 2-1: Foul Ball, location: 2F 2-2: Foul Ball, location: 2F 2-2: Foul Ball, location: 2F 2-2: Strikes out swinging
|
|
Batting: RHB German Quiroga
|
0-0: DOUBLE (Groundball, 5L, EV 110.0 MPH)
|
|
Batting: LHB George Moran
|
0-0: SINGLE (Line Drive, 8LS, EV 105.6 MPH) German Quiroga to third
|
|
Batting: SHB Chris Wagler
|
0-0: Called Strike Pickoff Throw to First - Error! E1 German Quiroga scores George Moran to second 0-1: SINGLE (Groundball, 6MS, EV 71.9 MPH) (infield hit) George Moran to third
|
|
Batting: RHB Janne Vihko
|
0-0: Foul Ball, location: 2F 0-1: Foul Ball, location: 2F 0-2: Fielders Choice at 2nd, 6-4 (Groundball, 6, EV 86.2 MPH)
|
| Bottom of the 6th over - 1 run, 3 hits, 1 error, 2 left on base; Arkansas 1 - Erie 3 |
| TOP OF THE 7TH |
|
Arkansas Travelers batting - Pitching for Erie SeaWolves : RHP Dan Keener
|
|
Batting: RHB Kinya Nishimura
|
0-0: Ball 1-0: Ball 2-0: Swinging Strike 2-1: SINGLE (Groundball, 4MD, EV 108.8 MPH)
|
|
Batting: RHB T.J. Gray
|
0-0: Swinging Strike 0-1: Ball 1-1: Foul Ball, location: 2F 1-2: Foul Ball, location: 2F 1-2: Strikes out looking
|
|
Batting: LHB Alberto Carrillo
|
0-0: Foul Ball, location: 2F 0-1: Fly out, F7 (Flyball, 78S, EV 93.1 MPH)
|
|
Batting: RHB Ryan Pelletier
|
0-0: Called Strike 0-1: Foul Ball, location: 2F 0-2: Ball 1-2: Fielders Choice at 2nd, 6-4 (Groundball, 6, EV 82.5 MPH)
|
| Top of the 7th over - 0 runs, 1 hit, 0 errors, 1 left on base; Arkansas 1 - Erie 3 |
| BOTTOM OF THE 7TH |
|
Erie SeaWolves batting - Pitching for Arkansas Travelers : RHP Jason Smallwood
|
|
Pitching: RHP Eddie Garabito
|
|
|
Batting: RHB Norm Wood
|
0-0: Called Strike 0-1: Called Strike 0-2: Fly out, F7 (Line Drive, 7, EV 101.9 MPH)
|
|
Batting: RHB Eric Angelle
|
0-0: SOLO HOME RUN (Flyball, 9D, EV 98.1 MPH), Distance : 391 ft
|
|
Batting: RHB Benny O'Connor
|
0-0: Ball 1-0: Called Strike 1-1: Ball 2-1: SINGLE (Groundball, 6MD, EV 99.4 MPH)
|
|
Batting: LHB Afanasy Zasekin
|
0-0: Ball 1-0: DOUBLE (Flyball, 8RXD, EV 106.9 MPH) Benny O'Connor to third
|
|
Batting: LHB Jamie Christian
|
0-0: Called Strike 0-1: SINGLE (Line Drive, 7S, EV 93.1 MPH) Benny O'Connor scores Afanasy Zasekin to third Runner from 3rd tries for Home, throw by LF and OUT! 7-2
|
|
Batting: RHB German Quiroga
|
0-0: Foul Ball, location: 2F 0-1: Called Strike 0-2: Fly out, F8 (Flyball, 8RD, EV 86.9 MPH)
|
| Bottom of the 7th over - 2 runs, 4 hits, 0 errors, 1 left on base; Arkansas 1 - Erie 5 |
| TOP OF THE 8TH |
|
Arkansas Travelers batting - Pitching for Erie SeaWolves : RHP Dan Keener
|
|
Batting: SHB Tim Connell
|
0-0: Ball 1-0: Called Strike 1-1: Swinging Strike 1-2: Ball 2-2: Ball 3-2: Base on Balls
|
|
Batting: RHB Ricky Mejicanos
|
0-0: Called Strike 0-1: Foul Ball, location: 2F 0-2: Ball 1-2: Foul Ball, location: 2F 1-2: Ball 2-2: Strikes out looking
|
|
Pitching: RHP Dale Gilbert
|
|
|
Batting: LHB Dave Hicks
|
0-0: Called Strike 0-1: Foul Ball, location: 2F 0-2: Strikes out swinging
|
|
Batting: RHB Kyler Seitz
|
0-0: Foul Ball, location: 2F 0-1: TRIPLE (Flyball, 78XD, EV 106.9 MPH) Tim Connell scores
|
|
Batting: RHB Nick Lombardo
|
0-0: Ball 1-0: Ball 2-0: Swinging Strike 2-1: Swinging Strike 2-2: Strikes out looking
|
| Top of the 8th over - 1 run, 1 hit, 0 errors, 1 left on base; Arkansas 2 - Erie 5 |
| BOTTOM OF THE 8TH |
|
Erie SeaWolves batting - Pitching for Arkansas Travelers : RHP Eddie Garabito
|
|
Pitching: RHP Jose Alvarado
|
|
|
Batting: LHB George Moran
|
0-0: Ball 1-0: Ball 2-0: Called Strike 2-1: Foul Ball, location: 2F 2-2: Foul Ball, location: 2F 2-2: Foul Ball, location: 2F 2-2: Strikes out swinging
|
|
Batting: SHB Chris Wagler
|
0-0: Fly out, F9 (Flyball, 89M, EV 86.9 MPH)
|
|
Batting: RHB Janne Vihko
|
0-0: Called Strike 0-1: Ball 1-1: Foul Ball, location: 2F 1-2: Foul Ball, location: 2F 1-2: Foul Ball, location: 2F 1-2: Foul Ball, location: 2F 1-2: SINGLE (Groundball, 6M, EV 99.4 MPH)
|
|
Batting: RHB Norm Wood
|
0-0: Ball Wild Pitch! Janne Vihko to second 1-0: Called Strike 1-1: Called Strike 1-2: Ball 2-2: Ball 3-2: Ground out 5-3 (Groundball, 5, EV 81.2 MPH)
|
| Bottom of the 8th over - 0 runs, 1 hit, 0 errors, 1 left on base; Arkansas 2 - Erie 5 |
| TOP OF THE 9TH |
|
Arkansas Travelers batting - Pitching for Erie SeaWolves : RHP Dale Gilbert
|
|
Pitching: RHP Kyle Moore
|
|
|
Batting: RHB Kinya Nishimura
|
0-0: Ball 1-0: Called Strike 1-1: Ball 2-1: Called Strike 2-2: Strikes out swinging
|
|
Batting: RHB T.J. Gray
|
0-0: Swinging Strike 0-1: Swinging Strike 0-2: Ball 1-2: Strikes out swinging
|
|
Batting: LHB Alberto Carrillo
|
0-0: Ball 1-0: Ball 2-0: Swinging Strike 2-1: Ball 3-1: Foul Ball, location: 2F 3-2: Strikes out swinging
|
| Top of the 9th over - 0 runs, 0 hits, 0 errors, 0 left on base; Arkansas 2 - Erie 5 |
|